 Dungeon Crawl Stone Soup version 0.30-a0-777-ga9a30cbeda (webtiles) character file.

Game seed: 3070730618479032334

52855 sanka the Brawler (level 14, -1/143 HPs)
             Began as a Troll Fighter on Feb 14, 2023.
             Was an Elder of Okawaru.
             Slain by a caustic shrike (7 damage)
             ... on level 15 of the Dungeon.
             The game lasted 00:33:45 (16329 turns).

sanka the Brawler (Troll Fighter)                  Turns: 16329, Time: 00:33:46

Health: -1/143     AC: 12    Str: 27    XL:     14   Next: 28%
Magic:  15/20      EV: 11    Int:  4    God:    Okawaru [****..]
Gold:   267        SH: 11    Dex: 13    Spells: 13/13 levels left

rFire   x . .      SeeInvis .      - Unarmed
rCold   + + .      Faith    +    b - +0 kite shield
rNeg    . . .      Spirit   .    Q - +2 ice dragon scales
rPois   .          Reflect  .    S - +1 hat
rElec   .          Harm     .    q - +1 cloak
rCorr   +          Rampage  .    (gloves unavailable)
Will    +....                    (boots unavailable)
Stlth   +                        H - amulet of faith
HPRegen 1.23/turn                R - +4 ring of slaying
MPRegen 0.17/turn                E - ring of resist corrosion

@: about to teleport, heroic, finesse-ful, corroded, flying
A: large, unfitting armour, claws 3, regeneration 1, shaggy fur 1, tough skin 1
a: Renounce Religion, Heroism, Finesse


You were on level 15 of the Dungeon.
You worshipped Okawaru.
Okawaru was greatly pleased with you.
You visited 2 branches of the dungeon, and saw 16 of its levels.
You also visited: Sewer and Ossuary.

You collected 1207 gold pieces.
You spent 940 gold pieces at shops.


Innate Abilities, Weirdness & Mutations

You are too large for most types of armour.
You have claws for hands.
Your natural rate of healing is unusually fast.
You are covered in fur. (AC +1)
You have tough skin. (AC +1)


   Skills:
 - Level 10.0(15.0) Fighting
 - Level 5.0(10.0) Armour
 - Level 5.0(10.0) Dodging
 - Level 5.0(10.0) Shields
 + Level 17.8(22.8) Unarmed Combat
 - Level 10.0 Invocations


You had 13 spell levels left.
You didn't know any spells.
Your spell library contained the following spells:

 Spells                   Type           Power      Damage    Failure   Level
 Apportation              Tloc           0%         N/A       93%         1
 Shock                    Conj/Air       0%         1d3       93%         1
 Slow                     Hex            0%         N/A       93%         1
 Momentum Strike          Conj/Tloc      0%         3d8       98%         2
 Confusing Touch          Hex            0%         N/A       100%        3
 Hailstorm                Conj/Ice       0%         3d3       100%        3
 Inner Flame              Hex/Fire       0%         N/A       100%        3
 Mephitic Cloud           Conj/Pois/Air  0%         N/A       100%        3
 Swiftness                Air            0%         N/A       100%        3
 Vampiric Draining        Necr           0%         2d6       100%        3
 Vhi's Electric Charge    Tloc/Air       0%         N/A       100%        3
 Airstrike                Air            0%         2d(0-16)  100%        4
 Cause Fear               Hex            0%         N/A       100%        4
 Flame Wave               Conj/Fire      0%         2d4       100%        4
 Ice Form                 Ice/Tmut       0%         N/A       100%        4
 Passage of Golubria      Tloc           0%         N/A       100%        4
 Sticky Flame             Conj/Fire      0%         2d3       100%        4
 Alistair's Intoxication  Tmut/Pois      0%         N/A       100%        5
 Arcjolt                  Conj/Air       0%         1d10      100%        5
 Fireball                 Conj/Fire      0%         3d3       100%        5
 Iskenderun's Battlesphe  Conj           0%         2d6       100%        5
 Silence                  Hex/Air        0%         N/A       100%        5
 Conjure Ball Lightning   Conj/Air       0%         3x3d6     100%        6
 Iron Shot                Conj/Erth      0%         9d1       100%        6
 Dragon Form              Tmut           0%         N/A       100%        7
 Orb of Destruction       Conj           0%         9d5       100%        7
 Discord                  Hex            0%         N/A       100%        8
 Disjunction              Tloc           0%         N/A       100%        8
 Lehudib's Crystal Spear  Conj/Erth      0%         10d2      100%        8
 Maxwell's Capacitive Co  Air            0%         ∞         100%        8
 Animate Armour           Summ/Erth      Unusable   N/A       N/A         4
 Summon Forest            Summ/Tloc      Unusable   N/A       N/A         5
 Simulacrum               Ice/Necr       Unusable   N/A       N/A         6
 Spellforged Servitor     Conj/Summ      Unusable   N/A       N/A         7
 Dragon's Call            Summ           Unusable   N/A       N/A         9

Inventory:

Hand Weapons
 Y - a +0 dire flail
Missiles
 v - a curare-tipped dart {=f}
 y - a throwing net {=f}
 U - 15 large rocks {=f}
Armour
 b - a +0 kite shield (worn)
 q - a +1 cloak (worn)
 Q - +2 ice dragon scales (worn)
 S - a +1 hat (worn)
Magical Staves
 h - a staff of air
Jewellery
 o - a ring of flight
 w - a ring of protection from cold
 E - a ring of resist corrosion (right claw)
 H - an amulet of faith (around neck)
 J - the ring of Buik Bee {MP-9 Str+6 Int+6}

   [ring of strength]

   Str:       It affects your strength (+6).
   Int:       It affects your intelligence (+6).
   MP:        It affects your magic capacity (-9).
 L - a ring of magical power
 N - a ring of protection from cold
 P - an amulet of reflection
 R - a +4 ring of slaying (left claw)
 Z - the ring of Conut {rElec rF+ rC++ MP+9 Int+2}

   [ring of magical power]

   Int:       It affects your intelligence (+2).
   rF:        It protects you from fire.
   rC:        It greatly protects you from cold.
   rElec:     It insulates you from electricity.
   MP:        It affects your magic capacity (+9).
Wands
 a - a wand of roots (31)
 r - a wand of polymorph (9)
 x - a wand of digging (8)
 M - a wand of flame (20)
Scrolls
 d - 5 scrolls of teleportation {@r4}
 i - 4 scrolls of enchant armour
 t - 2 scrolls of immolation {!r}
 u - 4 scrolls of enchant weapon
 B - 3 scrolls of poison {!r}
 C - 2 scrolls of noise {!r}
 D - 3 scrolls of magic mapping
 F - 4 scrolls of fog
 K - 2 scrolls of torment {!r}
 T - 3 scrolls of fear {unknown}
 W - a scroll of acquirement {unknown}
 X - a scroll of identify {@r1}
Potions
 c - a potion of might
 e - 8 potions of curing {unknown}
 f - 2 potions of magic {unknown}
 g - 2 potions of invisibility {unknown}
 j - 3 potions of degeneration {unknown}
 l - 5 potions of heal wounds {@q2}
 m - 5 potions of lignification {unknown}
 n - 5 potions of attraction {unknown}
 p - 4 potions of flight
 s - a potion of haste {@q3}
 z - 4 potions of resistance
 A - 5 potions of mutation {unknown}
 G - 3 potions of cancellation {unknown}
 I - a potion of brilliance {unknown}
 V - a potion of berserk rage {unknown}

Dungeon Overview and Level Annotations

Branches:
Dungeon (15/15)            Temple (0/1) D:4            Lair (0/5) D:8
    Orc (0/2) D:9          Vaults (0/5) D:14         Depths (1/4) D:15
  Sewer (visited)         Ossuary (visited)

Altars:
Ashenzari
Elyvilon
Fedhas
Okawaru
Qazlal
Ru
Sif Muna
Xom
The Shining One

Shops:
D:2 (   D:14 =   D:15 *

Annotations:
D:8 exclusion: downstairs
D:9 exclusion: downstairs
D:11 3 runed translucent doors, qborf's ghost, journeyman AtMo

.....▒▒.................▒..▒▒▒...
▒▒.▒▒▒▒▒....................▒...8
▒..▒▒............................
...▒▒▒......................b▒...
....▒▒.....................▒.▒...
.............▒.............▒.b...
▒.†.†...........b...........<....
▒▒▒...........▒▒b▒▒▒▒▒▒..▒.......
▒▒▒..........▒▒▒T▒▒▒▒▒▒..▒.....8.
.............▒ ▒..▒......▒▒......
........▒▒▒..▒▒▒.▒▒...........▒..
......▒▒▒▒....▒..▒.....▒▒▒....▒..
.......▒▒▒▒...................▒▒.
......▒.▒...........▒▒....▒..▒▒▒.
▒...<...▒..........▒▒▒....▒▒.▒.▒▒
.....))..................▒▒..▒...
▒▒....).....[............▒.......


You could see 2 caustic shrikes.


Message History

You resist.
* * * LOW HITPOINT WARNING * * *
You block the caustic shrike's attack.
You completely miss the caustic shrike.
The caustic shrike is severely wounded.
You block the caustic shrike's attack.
You miss the caustic shrike.
The caustic shrike is severely wounded.
You block the caustic shrike's attack.
You mangle the caustic shrike!!
The caustic shrike is almost dead.
You closely miss the caustic shrike.
The caustic shrike is almost dead.
The caustic shrike claws you!
* * * LOW HITPOINT WARNING * * *
You are splashed with acid.
You resist.
* * * LOW HITPOINT WARNING * * *
You miss the caustic shrike.
The caustic shrike is almost dead.
You block the caustic shrike's attack.
You scratch the caustic shrike.
The caustic shrike is almost dead.
You closely miss the caustic shrike.
The caustic shrike is almost dead.
You block the caustic shrike's attack.
You miss the caustic shrike.
The caustic shrike is almost dead.
The caustic shrike claws you!
You die...

Action                     |  1- 3 |  4- 6 |  7- 9 | 10-12 | 13-15 || total
---------------------------+-------+-------+-------+-------+-------++-------
  Melee: Unarmed           |    97 |    89 |   393 |   404 |   237 ||  1220
 Invoke: Heroism           |       |       |     3 |    11 |    13 ||    27
         Finesse           |       |       |       |       |     3 ||     3
    Use: Scroll            |       |       |     8 |     9 |     8 ||    25
         Potion            |       |       |       |       |     7 ||     7
   Stab: Sleeping          |       |       |     1 |       |       ||     1
 Armour: Robe              |    30 |    44 |    64 |       |       ||   138
         Steam dragon scal |       |       |    35 |    10 |       ||    45
         Acid dragon scale |       |       |       |    98 |    63 ||   161
         Ice dragon scales |       |       |       |       |    17 ||    17
  Dodge: Dodged            |    29 |    39 |   104 |   100 |    83 ||   355
  Block: Kite shield       |    33 |    43 |   104 |   146 |   130 ||   456

Levels and vault maps discovered:
D:1:      dpeg_arrival_water_fire, layout_basic, ebering_ecumenical_altar_mist
D:2:      layout_loops_ring, serial_shops, shop
D:3:      layout_loops_corners
D:4:      layout_loops_corners, ashenzari_altar_1, lemuel_doored_altar,
          nicolae_overflow_hidden_temple, minmay_temple_entry_fiery,
          uniq_eustachio, uniq_grinder
D:5:      layout_basic, mainiacjoe_overflow_tiny_flanked,
          nicolae_ru_path_of_blood, gup_sewer_entry_glass,
          hellmonk_ghost_happy_afterlife
D:6:      lemuel_slime, layout_cave_pods, enter_ossuary_2
D:7:      layout_loops_ring
D:8:      layout_loops_ring, dpeg_lair_monsters, uniq_maurice
D:9:      minmay_weird_star, layout_basic, kennysheep_mini,
          gammafunk_temple_overflow_pools, orc_0_dummy,
          hangedman_abyss_or_decor_stagger, uniq_maggie
D:10:     layout_loops_corners
D:11:     kennysheep_big_flooded_room, layout_cave_pools, gammafunk_ghost_split,
          uniq_gastronok, uniq_harold
D:12:     layout_loops_ring, mrwooster_statue_mirror
D:13:     layout_gridville, disabler_island
D:14:     layout_basic, skrybe_vaults_entry_preservation, tso_metal_star,
          serial_shops, nicolae_shop_waterfront, minmay_misc_feat_x,
          lightli_wizard_tower
D:15:     gammafunk_depths_entry_grave, layout_cave_pools, fedhas_altar_4,
          guppyfry_shop_blood
Depths:1: layout_cave_shapes, enter_ziggurat_b, hell_entry,
          nicolae_hepliaklqana_hippocampus, serial_bayou_shore_b,
          grunt_megastairs_1, minmay_shop_grove, uniq_asterion

Notes
Turn   | Place    | Note
-------+----------+-------------------------------------------
     0 | D:1      | sanka the Troll Fighter began the quest for the Orb.
     0 | D:1      | Reached XP level 1. HP: 22/22 MP: 0/0
    73 | D:1      | Got the Parchment of Cooperative Talus
   347 | D:1      | Found a faded altar of an unknown god.
   365 | D:1      | Reached skill level 3 in Fighting
   365 | D:1      | Reached XP level 2. HP: 31/31 MP: 1/1
   767 | D:2      | Reached XP level 3. HP: 37/37 MP: 2/2
   777 | D:2      | Found Obrym's Weapon Shop.
   983 | D:2      | Reached skill level 3 in Unarmed Combat
  1652 | D:3      | Reached XP level 4. HP: 42/45 MP: 3/3
  1808 | D:3      | Reached skill level 4 in Unarmed Combat
  2218 | D:4      | Found a broken altar of Ashenzari.
  2358 | D:4      | Noticed Eustachio
  2377 | D:4      | HP: 1/45 [shadow imp/nerve-wracking pain[Eustachio] (8)]
  2455 | D:4      | Identified the +1 scale mail of Magic {-Tele +Inv rElec
                  | rCorr}
  2533 | D:4      | Found a shimmering blue altar of Sif Muna.
  2569 | D:4      | Killed Eustachio
  2570 | D:4      | Reached skill level 5 in Unarmed Combat
  2570 | D:4      | Reached XP level 5. HP: 39/53 MP: 4/4
  2629 | D:4      | Reached skill level 6 in Unarmed Combat
  2629 | D:4      | Reached XP level 6. HP: 60/61 MP: 5/5
  2679 | D:4      | Found an iron altar of Okawaru.
  2783 | D:4      | Noticed Grinder
  2806 | D:4      | Killed Grinder
  2807 | D:4      | Reached skill level 7 in Unarmed Combat
  2864 | D:5      | Entered Level 5 of the Dungeon
  2909 | D:5      | Reached XP level 7. HP: 59/67 MP: 6/6
  2977 | D:5      | Reached skill level 8 in Unarmed Combat
  3001 | D:4      | Became a worshipper of Warmaster Okawaru
  3015 | D:5      | Found a glowing drain.
  3082 | Sewer    | Entered a sewer
  3233 | D:5      | Found a stormy altar of Qazlal.
  3614 | D:4      | Found a staircase to the Ecumenical Temple.
  4037 | D:5      | Found a sacrificial altar of Ru.
  4052 | D:5      | Found a runed translucent door.
  4056 | D:5      | Noticed dohliylev's ghost (novice TrWr)
  4070 | D:5      | Reached skill level 9 in Unarmed Combat
  4132 | D:5      | Reached XP level 8. HP: 66/75 MP: 7/7
  4641 | D:6      | Found a sand-covered staircase.
  4646 | Ossuary  | Entered an ossuary
  4706 | Ossuary  | Reached * piety under Okawaru
  4931 | Ossuary  | Noticed Menkaure
  4938 | Ossuary  | Killed Menkaure
  4939 | Ossuary  | Reached skill level 10 in Unarmed Combat
  5071 | D:6      | Reached skill level 4 in Fighting
  5244 | D:6      | Reached ** piety under Okawaru
  5244 | D:6      | Identified +0 steam dragon scales
  5245 | D:6      | Reached skill level 5 in Fighting
  5245 | D:6      | Reached skill level 1 in Invocations
  5297 | D:6      | Noticed a slime creature
  5301 | D:6      | Reached skill level 2 in Invocations
  5307 | D:6      | Killed a slime creature
  5308 | D:6      | Reached skill level 3 in Invocations
  5315 | D:6      | Reached XP level 9. HP: 82/88 MP: 10/10
  5438 | D:6      | Identified the ring of Buik Bee {MP-9 Str+6 Int+6}
  5581 | D:6      | Reached skill level 4 in Invocations
  6049 | D:7      | Reached skill level 5 in Invocations
  6240 | D:7      | Identified a +1 robe of the Archmagi
  6572 | D:8      | Reached skill level 11 in Unarmed Combat
  6633 | D:8      | Noticed a death yak
  6634 | D:8      | Found a staircase to the Lair.
  6634 | D:8      | Noticed a death yak
  6635 | D:8      | Noticed a death yak
  6639 | D:8      | Noticed a death yak
  6640 | D:8      | Noticed a death yak
  6640 | D:8      | Noticed a death yak
  6641 | D:8      | Killed a death yak
  6641 | D:8      | Reached *** piety under Okawaru
  6646 | D:8      | Killed a death yak
  6646 | D:8      | Reached **** piety under Okawaru
  6647 | D:8      | Reached skill level 12 in Unarmed Combat
  6647 | D:8      | Reached XP level 10. HP: 75/96 MP: 0/12
  6650 | D:8      | Killed a death yak
  6672 | D:7      | HP: 2/96 [death yak (22)]
  6762 | D:7      | Killed a death yak
  6763 | D:7      | Reached skill level 13 in Unarmed Combat
  6842 | D:8      | Killed a death yak
  6842 | D:8      | Reached ***** piety under Okawaru
  6850 | D:8      | Killed a death yak
  6851 | D:8      | Reached skill level 14 in Unarmed Combat
  6968 | D:8      | Identified the +2 battleaxe "Arcanum" {freeze, Dex+4}
  7138 | D:8      | Noticed a two-headed ogre
  7147 | D:8      | Killed a two-headed ogre
  7148 | D:8      | Reached skill level 15 in Unarmed Combat
  7344 | D:8      | Reached XP level 11. HP: 102/102 MP: 13/13
  7439 | D:8      | Reached skill level 3 in Shields
  7479 | D:8      | Noticed Maurice
  7485 | D:8      | Killed Maurice
  7716 | D:9      | Reached skill level 3 in Dodging
  7781 | D:9      | Identified +0 acid dragon scales
  7781 | D:9      | Noticed Maggie
  7798 | D:9      | Killed Maggie
  7798 | D:9      | Identified +2 ice dragon scales (Okawaru gifted it to you
                  | on level 9 of the Dungeon)
  7798 | D:9      | Received a gift from Okawaru
  8229 | D:9      | Found a blossoming altar of Fedhas.
  8229 | D:9      | Found a shimmering altar of Xom.
  8360 | D:9      | Found a white marble altar of Elyvilon.
  8400 | D:9      | Found a staircase to the Orcish Mines.
  8923 | D:9      | Got the Spellbook of Lofty Places
  9004 | D:10     | Entered Level 10 of the Dungeon
  9390 | D:10     | Reached skill level 4 in Shields
  9614 | D:10     | Reached skill level 6 in Invocations
 10059 | D:11     | Noticed a boulder beetle
 10088 | D:11     | Reached skill level 4 in Dodging
 10115 | D:11     | Killed a boulder beetle
 10116 | D:11     | Reached skill level 6 in Fighting
 10116 | D:11     | Reached skill level 1 in Armour
 10170 | D:11     | Found a runed translucent gate.
 10170 | D:11     | Found a runed translucent gate.
 10170 | D:11     | Found a runed translucent gate.
 10172 | D:11     | Noticed a two-headed ogre
 10172 | D:11     | Noticed a boulder beetle
 10173 | D:11     | Noticed qborf's ghost (journeyman AtMo)
 10178 | D:11     | Noticed a flayed ghost
 10197 | D:11     | Noticed Harold
 10209 | D:11     | Killed Harold
 10227 | D:11     | Noticed a two-headed ogre
 10236 | D:10     | Killed a two-headed ogre
 10239 | D:10     | Reached skill level 2 in Armour
 10254 | D:11     | Reached skill level 5 in Shields
 10304 | D:11     | Received a gift from Okawaru
 10343 | D:11     | Noticed Gastronok
 10357 | D:11     | Killed Gastronok
 10358 | D:11     | Reached XP level 12. HP: 91/115 MP: 3/16
 10551 | D:11     | Noticed a centaur warrior
 10565 | D:11     | Killed a centaur warrior
 10570 | D:11     | Noticed a two-headed ogre
 10571 | D:11     | Reached skill level 3 in Armour
 10571 | D:11     | Reached skill level 5 in Dodging
 10571 | D:11     | Reached skill level 7 in Invocations
 10579 | D:11     | Killed a two-headed ogre
 10752 | D:12     | Identified the +1 animal skin of Inference {Str+3} (Okawaru
                  | gifted it to you on level 12 of the Dungeon)
 10752 | D:12     | Received a gift from Okawaru
 10780 | D:12     | Reached skill level 7 in Fighting
 10872 | D:12     | Noticed a two-headed ogre
 10894 | D:12     | Reached skill level 4 in Armour
 10896 | D:12     | Killed a two-headed ogre
 11699 | D:15     | Entered Level 15 of the Dungeon
 11708 | D:15     | Noticed a two-headed ogre
 11709 | D:15     | Noticed an ogre mage
 11709 | D:15     | Noticed a two-headed ogre
 11713 | D:15     | Noticed a two-headed ogre
 11713 | D:15     | Noticed a two-headed ogre
 11714 | D:15     | Noticed a two-headed ogre
 11722 | D:14     | Killed a two-headed ogre
 11723 | D:14     | Reached skill level 8 in Invocations
 11873 | D:14     | Noticed a tengu warrior
 11900 | D:14     | Killed a tengu warrior
 11995 | D:14     | Found a glowing golden altar of the Shining One.
 12049 | D:13     | Reached skill level 8 in Fighting
 12049 | D:13     | Reached skill level 5 in Armour
 12319 | D:13     | Noticed a centaur warrior
 12326 | D:13     | Killed a centaur warrior
 12339 | D:13     | Noticed a boulder beetle
 12349 | D:13     | Killed a boulder beetle
 12399 | D:13     | Reached ****** piety under Okawaru
 12453 | D:13     | Noticed a two-headed ogre
 12456 | D:13     | Killed a two-headed ogre
 12456 | D:13     | Received a gift from Okawaru
 12574 | D:13     | Paralysed by a floating eye for 4 turns
 12597 | D:13     | Reached skill level 9 in Invocations
 12602 | D:13     | Reached XP level 13. HP: 128/128 MP: 9/18
 12954 | D:13     | Identified the +1 animal skin "Ginom" {Rampage rPois Will+
                  | Dex+5} (Okawaru gifted it to you on level 13 of the
                  | Dungeon)
 12954 | D:13     | Received a gift from Okawaru
 12955 | D:13     | Reached skill level 9 in Fighting
 13341 | D:14     | Found Baigh's Jewellery Shop.
 13514 | D:14     | Reached skill level 10 in Invocations
 13840 | D:14     | Reached skill level 10 in Fighting
 13865 | D:14     | Found a gate to the Vaults.
 13865 | D:14     | Noticed an ironbound preserver
 13882 | D:14     | Killed an ironbound preserver
 14180 | D:15     | Identified the +7 lajatang "Rix Dyx" {freeze, Fragile Str-3
                  | Int+7 Stlth+} (Okawaru gifted it to you on level 15 of the
                  | Dungeon)
 14180 | D:15     | Received a gift from Okawaru
 14223 | D:15     | Reached skill level 16 in Unarmed Combat
 14287 | D:15     | Found a staircase to the Depths.
 14407 | D:14     | Identified the +2 robe of Rairira {Regen+} (Okawaru gifted
                  | it to you on level 14 of the Dungeon)
 14407 | D:14     | Received a gift from Okawaru
 14568 | D:15     | Reached XP level 14. HP: 68/141 MP: 11/20
 14773 | D:15     | Reached skill level 17 in Unarmed Combat
 14855 | D:15     | Found Poekk's Blood Bar.
 14988 | D:15     | Found a blossoming altar of Fedhas.
 15112 | D:14     | Bought the ring of Conut {rElec rF+ rC++ MP+9 Int+2} for
                  | 940 gold pieces
 15388 | D:5      | Killed dohliylev's ghost
 15631 | Depths:1 | Entered Level 1 of the Depths
 15631 | Depths:1 | Noticed a caustic shrike
 15631 | Depths:1 | Noticed a caustic shrike
 15631 | Depths:1 | Noticed a caustic shrike
 15631 | Depths:1 | Noticed a caustic shrike
 15631 | Depths:1 | Noticed a caustic shrike
 15781 | D:15     | HP: 5/143 [caustic shrike (21)]
 15911 | D:14     | Killed a caustic shrike
 15912 | D:14     | Identified 5 potions of resistance
 15920 | D:14     | Killed a caustic shrike
 16229 | D:14     | Killed a caustic shrike
 16325 | D:15     | HP: 8/143 [caustic shrike (10)]
 16329 | D:15     | Slain by a caustic shrike

Vanquished Creatures
  3 caustic shrikes (D:14)
  Gastronok (D:11)
  An ironbound preserver (D:14)
  2 ogre magi
  Harold (D:11)
  An anaconda (shapeshifter) (D:13)
  6 centaur warriors
  16 two-headed ogres
  A tengu warrior (D:14)
  6 death yaks
  4 boulder beetles
  4 skeletal warriors
  2 golden dragon zombies (D:15)
  A flayed ghost (D:14)
  2 deep elf pyromancers (D:13)
  2 wizards (D:14)
  3 oklob plants (D:13)
  A necromancer (D:14)
  An ugly thing (D:14)
  4 cyclopes
  3 manticores
  Maurice (D:8)
  The ghost of dohliylev the Ruffian, a novice TrWr (D:5)
  A stone giant skeleton (D:15)
  Maggie (D:9)
  2 kobold demonologists
  An unseen horror (shapeshifter) (D:14)
  2 unseen horrors
  A guardian mummy (D:14)
  4 trolls
  A hornet (D:8)
  Grinder (D:4)
  7 slime creatures
  An ettin skeleton (D:15)
  A vampire (D:15)
  18 yaks
  2 wraiths
  Eustachio (D:4)
  3 shadows
  2 steam dragons (D:6)
  A wyvern (D:7)
  2 basilisks
  Menkaure (Ossuary)
  3 vampire mosquitoes
  3 water moccasins
  A floating eye (D:13)
  3 orc warriors
  A sky beast (D:6)
  3 ogres
  4 centaurs
  A kobold brigand (D:7)
  A phantom (D:5)
  3 bullfrogs
  2 scorpions
  A necrophage (D:6)
  8 wights (D:8)
  12 killer bees
  6 howler monkeys
  A crimson imp (D:14)
  4 hounds
  5 jellies (D:6)
  4 orc priests
  3 gnoll boudas
  2 iguanas
  A hell rat (Sewer)
  8 orc wizards
  3 mummies (Ossuary)
  8 adders
  21 gnolls
  4 river rats (Sewer)
  A shadow imp (D:6)
  3 white imps
  An ufetubus (D:5)
  4 dart slugs
  26 orcs
  8 bats
  22 endoplasms
  4 giant cockroaches
  3 gnoll zombies (Ossuary)
  4 goblins
  4 hobgoblins
  A quokka (D:4)
  3 ball pythons
  A frilled lizard (D:3)
  3 gnoll skeletons (Ossuary)
  8 goblin skeletons (Ossuary)
  4 goblin zombies (Ossuary)
  4 hobgoblin skeletons (Ossuary)
  2 hobgoblin zombies (Ossuary)
  15 kobolds
  4 kobold skeletons (Ossuary)
  5 kobold zombies (Ossuary)
  5 orc skeletons (Ossuary)
  6 orc zombies (Ossuary)
  10 rats
  A rat skeleton (Ossuary)
  5 rat zombies (Ossuary)
393 creatures vanquished.

Vanquished Creatures (others)
  7 fungi (D:6)
  6 plants
  9 withered plants (D:15)
22 creatures vanquished.

Grand Total: 415 creatures vanquished
